 Dungeon Crawl Stone Soup version 0.24-a0-235-g3f03afc (webtiles) character file.

Game seed: 2791844872962277185

3222 Gorice the Quickloader (level 9, 0/68 HPs)
             Began as a Gnoll Wanderer on Apr 6, 2019.
             Was a Follower of the Shining One.
             Slain by an orc warrior
             ... wielding a +0 glaive
              (14 damage)
             ... in a bailey.
             The game lasted 00:31:45 (5746 turns).

Gorice the Quickloader (Gnoll Wanderer)             Turns: 5746, Time: 00:31:46

Health: 0/68       AC: 20    Str: 22    XL:     9   Next: 98%
Magic:  17/17      EV:  8    Int: 13    God:    the Shining One [*.....]
Gold:   422        SH:  0    Dex: 12    Spells: 18/19 levels left

rFire    . . .     SeeInvis .   a - +0 dagger (elec)
rCold    x . .     Gourm    .   (no shield)
rNeg     . . .     Faith    .   L - +3 plate armour "Rargh" {+Fly rElec rC- rCorr}
rPois    +         Spirit   .   w - +1 helmet
rElec    +         Reflect  .   x - +0 cloak
rCorr    +         Harm     .   h - +0 pair of gloves
MR       .....                  (no boots)
Stlth    ..........             o - amulet of magic regeneration
HPRegen  0.21/turn              p - ring of poison resistance
MPRegen  0.40/turn              (no ring)

@: glowing
A: distributed training, fangs 1, strong nose
a: Renounce Religion, Evoke Flight


You were in a bailey.
You worshipped the Shining One.
The Shining One was aware of your devotion.
You were not hungry.

You visited 2 branches of the dungeon, and saw 8 of its levels.
You also visited: Bailey.

You collected 422 gold pieces.

Inventory:

Hand Weapons
 a - a +0 dagger of electrocution (weapon)
   (You took it off an orc wizard on level 3 of the Dungeon)
 b - a +3 hand crossbow
 t - a +0 war axe
 v - a +3 whip
 y - a +0 flail
 A - the +0 hand axe "Beetlebane" {freeze, rC+}
   (You found it on level 5 of the Dungeon)

   It has been specially enchanted to freeze those struck by it, causing extra
   injury to most foes and up to half again as much damage against particularly
   susceptible opponents.
   It can also slow down cold-blooded creatures.
   It protects you from cold.
 B - a +0 blowgun
 E - a +0 trident
 G - a +0 halberd
 K - a +6 scythe of venom
   (You took it off Sigmund on level 6 of the Dungeon)
Missiles
 d - 7 javelins (quivered)
 k - 9 bolts
 u - 48 poisoned needles
 Y - 242 stones
Armour
 g - a +0 helmet
 h - a +0 pair of gloves (worn)
 n - a +0 plate armour
 r - a +1 robe of the Archmagi
   (You took it off Dowan on level 7 of the Dungeon)
 w - a +1 helmet (worn)
 x - a +0 cloak (worn)
 L - the +3 plate armour "Rargh" (worn) {+Fly rElec rC- rCorr}
   (You found it on level 6 of the Dungeon)

   It makes you vulnerable to cold.
   It insulates you from electricity.
   It lets you fly.
   It provides partial protection from all sources of acid and corrosion.
Jewellery
 o - an amulet of magic regeneration (around neck)
 p - a ring of poison resistance (left hand)
Wands
 c - a wand of flame (14)
 F - a wand of iceblast (5)
Scrolls
 e - a scroll of enchant weapon
 i - 4 scrolls of remove curse
 j - a scroll of teleportation {!r}
 l - a scroll of fog
 z - a scroll of immolation {!r}
Potions
 m - 2 potions of might {!q}
 q - a potion of lignification {unknown}
 s - a potion of mutation {unknown}
 C - a potion of invisibility {unknown}
 D - a potion of flight {unknown}
 I - a potion of cancellation {unknown}
 J - a potion of degeneration {unknown}
Comestibles
 f - 15 rations
 H - 14 chunks of flesh


   Skills:
 + Level 5.4 Fighting
 + Level 4.6 Short Blades
 + Level 4.6 Long Blades
 + Level 4.6 Axes
 + Level 4.6 Maces & Flails
 + Level 4.6 Polearms
 + Level 4.6 Staves
 + Level 4.6 Slings
 + Level 4.6 Bows
 + Level 8.1 Crossbows
 + Level 5.4 Throwing
 + Level 5.4 Armour
 + Level 4.6 Dodging
 + Level 5.3 Stealth
 + Level 4.6 Shields
 + Level 4.6 Unarmed Combat
 + Level 5.5 Spellcasting
 + Level 3.8 Conjurations
 + Level 3.8 Hexes
 + Level 3.8 Charms
 + Level 3.8 Summonings
 + Level 3.8 Necromancy
 + Level 3.8 Translocations
 + Level 3.8 Transmutations
 + Level 3.8 Fire Magic
 + Level 3.8 Ice Magic
 + Level 3.8 Air Magic
 + Level 5.5 Earth Magic
 + Level 3.8 Poison Magic
 + Level 5.1 Invocations
 + Level 4.6 Evocations


You had 18 spell levels left.
You knew the following spells:

 Your Spells              Type           Power        Failure   Level  Hunger
B - Summon Butterflies    Summ           ##......     56%         1    None

Your spell library contained the following spells:

 Spells                   Type           Power        Failure   Level  Hunger
 Animate Skeleton         Necr           N/A          56%         1    None
 Pain                     Necr           ##..         56%         1    None
 Ensorcelled Hibernation  Hex/Ice        ##....       71%         2    ##.....
 Throw Frost              Conj/Ice       ##....       71%         2    ##.....
 Call Canine Familiar     Summ           ##......     90%         3    ###....
 Regeneration             Chrm/Necr      ##........   90%         3    ###....
 Vampiric Draining        Necr           ##........   90%         3    ###....
 Animate Dead             Necr           N/A          100%        4    ####...


Dungeon Overview and Level Annotations

Branches:
Dungeon (7/15)             Temple (1/1) D:5

Altars:
Ashenzari
Cheibriados
Dithmenos
Elyvilon
Fedhas
Gozag
Hepliaklqana
Kikubaaqudgha
Makhleb
Nemelex Xobeh
Okawaru
Qazlal
Ru
Sif Muna
Trog
Uskayaw
Vehumet
Wu Jian
Xom
Yredelemnul
Zin
The Shining One


Innate Abilities, Weirdness & Mutations

Your experience applies equally to all skills.
You have very sharp teeth.
Your uncanny sense of smell can sniff out nearby items.


Message History

The orc hits you from afar with a +0 halberd.
The orc warrior hits you but does no damage.
Damage: 3 (max 8)
An orc comes into view. It is wielding a +0 halberd.
The orc warrior hits you but does no damage.
The orc warrior hits you from afar with a +0 glaive.
The orc moves out of view.
Damage: 1 (max 8)
You hit the orc warrior but do no damage.
Lightning courses through the orc warrior!
You bite the orc warrior.
The orc warrior is severely wounded.
The orc warrior hits you with a +0 halberd.
An orc comes into view. It is wielding a +0 trident.
The orc warrior hits you but does no damage.
Damage: 2 (max 8)
The orc shouts!
The orc barely misses you.
The orc warrior hits you from afar with a +0 glaive!
Things that are here:
a +0 war axe; a +0 halberd; a +0 plate armour; Damage: 12 (max 12)
You hit the orc warrior but do no damage.
The orc warrior is severely wounded.
The orc warrior hits you but does no damage.
Unknown command.
The orc warrior hits you with a +0 halberd.
Damage: 5 (max 12)
You hit the orc warrior but do no damage.
Lightning courses through the orc warrior!
You kill the orc warrior!
The orc warrior barely misses you.
The orc drinks a potion.
The orc seems to grow stronger.
The orc hits you but does no damage.
Things that are here:
a +0 halberd; a +0 plate armour; an orc corpse The orc barely misses you. x2; The orc hits you but does no damage.
The orc completely misses you.
The orc warrior hits you with a +0 glaive!
There is an open door here.
Damage: 10 (max 12) Unknown command.
The orc hits you from afar with a +0 halberd!
* * * LOW HITPOINT WARNING * * *
The orc hits you from afar with a +0 trident.
* * * LOW HITPOINT WARNING * * *
Things that are here:
a +0 halberd; a +0 plate armour; an orc corpse; Damage: 10 (max 12) Unknown command.
The orc warrior hits you from afar with a +0 glaive!
You die...

.(.o
##(##
#.(.#
#...#
#o)o#
#oo.#
###o###
##..o).##
#.....@.#
#.......#
#.......#
#.......#
#.......#
#.......#
#..)....#
#.))))..#
#∩.))).∩#


You could see an orc warrior and 4 orcs.

Vanquished Creatures
  Prince Ribbit (D:6)
  Grinder (D:5)
  A hippogriff (D:4)
  Sigmund (D:6)
  A yak (D:7)
  3 hogs (D:7)
  A human (D:7)
  Duvessa (D:7)
  2 orc warriors (Bailey)
  An ogre (D:6)
  2 sky beasts (D:5)
  A necrophage (D:6)
  2 centaurs
  A gnoll sergeant (D:4)
  A bullfrog (D:6)
  Dowan (D:7)
  A scorpion (D:6)
  2 crimson imps (D:7)
  2 jellies
  6 orc wizards
  Crazy Yiuf (D:3)
  2 orc priests (D:4)
  Ijyb (D:3)
  A howler monkey zombie (D:6)
  Robin (D:3)
  9 gnolls
  9 adders
  A shadow imp (D:5)
  3 oozes
  4 worms
  2 dart slugs
  4 leopard geckos
  44 orcs
  7 giant cockroaches
  15 goblins
  8 hobgoblins
  10 jackals
  A quokka (D:6)
  4 bats
  6 frilled lizards
  5 kobolds
  7 rats
177 creatures vanquished.

Notes
Turn   | Place    | Note
-------+----------+-------------------------------------------
     0 | D:1      | Gorice the Gnoll Wanderer began the quest for the Orb.
     0 | D:1      | Gorice set off with the following items: a +2 hand
                  | crossbow, 24 bolts, a +0 robe, a ration; and the following
                  | spell memorised: Summon Butterflies; and the following
                  | spells available to memorise: Ensorcelled Hibernation,
                  | Throw Frost, Call Canine Familiar
     0 | D:1      | Reached XP level 1. HP: 17/17 MP: 4/4
     6 | D:1      | Noticed a lindwurm
     6 | D:1      | Noticed a worker ant
     6 | D:1      | Noticed an anaconda
     7 | D:1      | Noticed a wolf
   129 | D:1      | Reached XP level 2. HP: 23/23 MP: 5/5
   264 | D:1      | Reached XP level 3. HP: 21/28 MP: 7/7
   651 | D:2      | Reached skill level 1 in Invocations
   666 | D:2      | Reached skill level 1 in Short Blades
   666 | D:2      | Reached skill level 1 in Long Blades
   666 | D:2      | Reached skill level 1 in Axes
   666 | D:2      | Reached skill level 1 in Maces & Flails
   666 | D:2      | Reached skill level 1 in Polearms
   666 | D:2      | Reached skill level 1 in Staves
   666 | D:2      | Reached skill level 1 in Slings
   666 | D:2      | Reached skill level 1 in Bows
   666 | D:2      | Reached skill level 1 in Dodging
   666 | D:2      | Reached skill level 1 in Shields
   666 | D:2      | Reached skill level 1 in Unarmed Combat
   666 | D:2      | Reached skill level 1 in Evocations
   704 | D:2      | Reached XP level 4. HP: 34/34 MP: 8/8
  1013 | D:2      | Reached skill level 3 in Spellcasting
  1202 | D:3      | Reached skill level 1 in Conjurations
  1202 | D:3      | Reached skill level 1 in Hexes
  1202 | D:3      | Reached skill level 1 in Charms
  1202 | D:3      | Reached skill level 1 in Summonings
  1202 | D:3      | Reached skill level 1 in Necromancy
  1202 | D:3      | Reached skill level 1 in Translocations
  1202 | D:3      | Reached skill level 1 in Transmutations
  1202 | D:3      | Reached skill level 1 in Fire Magic
  1202 | D:3      | Reached skill level 1 in Ice Magic
  1202 | D:3      | Reached skill level 1 in Air Magic
  1202 | D:3      | Reached skill level 1 in Poison Magic
  1325 | D:3      | Noticed Robin
  1350 | D:3      | Killed Robin
  1351 | D:3      | Reached XP level 5. HP: 40/40 MP: 9/9
  1638 | D:3      | Reached skill level 3 in Fighting
  1638 | D:3      | Reached skill level 3 in Throwing
  1638 | D:3      | Reached skill level 3 in Armour
  1638 | D:3      | Reached skill level 4 in Earth Magic
  1689 | D:3      | Noticed Ijyb
  1773 | D:3      | Killed Ijyb
  1968 | D:3      | Found a runed translucent door.
  1969 | D:3      | Noticed Crazy Yiuf
  1976 | D:3      | Killed Crazy Yiuf
  1976 | D:3      | Reached skill level 3 in Stealth
  1976 | D:3      | Reached skill level 2 in Invocations
  1976 | D:3      | Reached XP level 6. HP: 40/47 MP: 9/11
  2333 | D:4      | Reached skill level 2 in Short Blades
  2333 | D:4      | Reached skill level 2 in Long Blades
  2333 | D:4      | Reached skill level 2 in Axes
  2333 | D:4      | Reached skill level 2 in Maces & Flails
  2333 | D:4      | Reached skill level 2 in Polearms
  2333 | D:4      | Reached skill level 2 in Staves
  2333 | D:4      | Reached skill level 2 in Slings
  2333 | D:4      | Reached skill level 2 in Bows
  2333 | D:4      | Reached skill level 2 in Dodging
  2333 | D:4      | Reached skill level 2 in Shields
  2333 | D:4      | Reached skill level 2 in Unarmed Combat
  2333 | D:4      | Reached skill level 2 in Evocations
  2528 | D:4      | Reached XP level 7. HP: 18/52 MP: 12/12
  3148 | D:4      | Noticed a hippogriff
  3154 | D:4      | Killed a hippogriff
  3154 | D:4      | Reached skill level 7 in Crossbows
  3154 | D:4      | Reached skill level 2 in Conjurations
  3154 | D:4      | Reached skill level 2 in Hexes
  3154 | D:4      | Reached skill level 2 in Charms
  3154 | D:4      | Reached skill level 2 in Summonings
  3154 | D:4      | Reached skill level 2 in Necromancy
  3154 | D:4      | Reached skill level 2 in Translocations
  3154 | D:4      | Reached skill level 2 in Transmutations
  3154 | D:4      | Reached skill level 2 in Fire Magic
  3154 | D:4      | Reached skill level 2 in Ice Magic
  3154 | D:4      | Reached skill level 2 in Air Magic
  3154 | D:4      | Reached skill level 2 in Poison Magic
  3275 | D:5      | Entered Level 5 of the Dungeon
  3335 | D:5      | Noticed Grinder
  3336 | D:5      | Paralysed by Grinder for 7 turns
  3364 | D:5      | HP: 15/52 [Grinder (3)]
  3371 | D:5      | HP: 3/52 [Grinder/nerve-wracking pain (11)]
  3373 | D:5      | HP: 1/52 [Grinder (2)]
  3381 | D:5      | HP: 9/52 [Grinder (4)]
  3381 | D:5      | HP: 3/52 [Grinder (6)]
  3383 | D:5      | Killed Grinder
  3383 | D:5      | Reached skill level 4 in Spellcasting
  3383 | D:5      | Reached skill level 3 in Invocations
  3702 | D:5      | Reached XP level 8. HP: 49/60 MP: 14/14
  3720 | D:5      | Reached skill level 4 in Fighting
  3720 | D:5      | Reached skill level 3 in Short Blades
  3720 | D:5      | Reached skill level 3 in Long Blades
  3720 | D:5      | Reached skill level 3 in Axes
  3720 | D:5      | Reached skill level 3 in Maces & Flails
  3720 | D:5      | Reached skill level 3 in Polearms
  3720 | D:5      | Reached skill level 3 in Staves
  3720 | D:5      | Reached skill level 3 in Slings
  3720 | D:5      | Reached skill level 3 in Bows
  3720 | D:5      | Reached skill level 4 in Throwing
  3720 | D:5      | Reached skill level 4 in Armour
  3720 | D:5      | Reached skill level 3 in Dodging
  3720 | D:5      | Reached skill level 3 in Shields
  3720 | D:5      | Reached skill level 3 in Unarmed Combat
  3720 | D:5      | Reached skill level 3 in Evocations
  3742 | D:5      | Found a staircase to the Ecumenical Temple.
  3787 | D:5      | Got a twisted hand axe
  3788 | D:5      | Identified the cursed +0 hand axe "Beetlebane" {freeze,
                  | rC+} (You found it on level 5 of the Dungeon)
  3819 | Temple   | Entered the Ecumenical Temple
  3868 | Temple   | Became a worshipper of the Shining One
  3984 | D:5      | Found an ornate altar of the Wu Jian Council.
  4026 | D:5      | Reached skill level 4 in Stealth
  4610 | D:6      | Found an opulent altar of Gozag.
  5029 | D:6      | Noticed Prince Ribbit
  5030 | D:6      | Reached skill level 3 in Conjurations
  5030 | D:6      | Reached skill level 3 in Hexes
  5030 | D:6      | Reached skill level 3 in Charms
  5030 | D:6      | Reached skill level 3 in Summonings
  5030 | D:6      | Reached skill level 3 in Necromancy
  5030 | D:6      | Reached skill level 3 in Translocations
  5030 | D:6      | Reached skill level 3 in Transmutations
  5030 | D:6      | Reached skill level 3 in Fire Magic
  5030 | D:6      | Reached skill level 3 in Ice Magic
  5030 | D:6      | Reached skill level 3 in Air Magic
  5030 | D:6      | Reached skill level 3 in Poison Magic
  5030 | D:6      | Reached skill level 4 in Invocations
  5041 | D:6      | Killed Prince Ribbit
  5041 | D:6      | Reached skill level 5 in Earth Magic
  5041 | D:6      | Reached XP level 9. HP: 54/66 MP: 16/16
  5061 | D:6      | Noticed Sigmund
  5063 | D:6      | Killed Sigmund
  5125 | D:6      | Got a jewelled plate armour
  5150 | D:6      | Identified the +3 plate armour "Rargh" {+Fly rElec rC-
                  | rCorr} (You found it on level 6 of the Dungeon)
  5191 | D:6      | Reached skill level 4 in Short Blades
  5191 | D:6      | Reached skill level 4 in Long Blades
  5191 | D:6      | Reached skill level 4 in Axes
  5191 | D:6      | Reached skill level 4 in Maces & Flails
  5191 | D:6      | Reached skill level 4 in Polearms
  5191 | D:6      | Reached skill level 4 in Staves
  5191 | D:6      | Reached skill level 4 in Slings
  5191 | D:6      | Reached skill level 4 in Bows
  5191 | D:6      | Reached skill level 4 in Dodging
  5191 | D:6      | Reached skill level 4 in Shields
  5191 | D:6      | Reached skill level 4 in Unarmed Combat
  5191 | D:6      | Reached skill level 4 in Evocations
  5300 | D:6      | Reached skill level 5 in Spellcasting
  5399 | D:7      | Noticed Duvessa
  5399 | D:7      | Reached * piety under the Shining One
  5399 | D:7      | Noticed Dowan
  5404 | D:7      | Killed Duvessa
  5424 | D:7      | Reached skill level 5 in Fighting
  5424 | D:7      | Reached skill level 5 in Throwing
  5424 | D:7      | Reached skill level 5 in Armour
  5431 | D:7      | Reached skill level 5 in Stealth
  5436 | D:7      | Reached skill level 8 in Crossbows
  5449 | D:7      | Killed Dowan
  5474 | D:7      | Reached skill level 5 in Invocations
  5529 | D:7      | Found a flagged portal.
  5561 | Bailey   | Entered a bailey
  5745 | Bailey   | HP: 16/68 [orc/+0 halberd (8)]
  5746 | Bailey   | Slain by an orc warrior

Levels and vault maps discovered:
D:1:      onia_arrival_zoo_common, layout_rooms, minmay_misc_feat_columns
D:2:      layout_rooms
D:3:      layout_basic, uniq_ijyb, uniq_crazy_yiuf_cottage, uniq_robin
D:4:      layout_rooms, guppyfry_early_orc_mine
D:5:      layout_loops_ring, kennysheep_mini_moat, minmay_temple_entry_wispy,
          first_ration, kennysheep_generic_room_14, uniq_grinder
D:6:      layout_rooms, serial_corexii_hall, corexii_hall_statues_u,
          corexii_hall_statues_l, basic_altar, serial_park_tiny_1,
          uniq_prince_ribbit1, uniq_sigmund
D:7:      layout_loops_ring, enter_bailey_3, grunt_livestock,
          david_defended_altar_orc, uniq_duvessa
Temple:   kilobyte_greek_temple
Bailey:   bailey_polearm_5, bailey

Skill      XL: |  1  2  3  4  5  6  7  8  9 |
---------------+----------------------------+-----
Invocations    | 1 2 3 4 5 |  5.1
Short Blades   | 1 2 3 4 |  4.6
Long Blades    | 1 2 3 4 |  4.6
Axes           | 1 2 3 4 |  4.6
Maces & Flails | 1 2 3 4 |  4.6
Polearms       | 1 2 3 4 |  4.6
Staves         | 1 2 3 4 |  4.6
Slings         | 1 2 3 4 |  4.6
Bows           | 1 2 3 4 |  4.6
Dodging        | 1 2 3 4 |  4.6
Shields        | 1 2 3 4 |  4.6
Unarmed Combat | 1 2 3 4 |  4.6
Evocations     | 1 2 3 4 |  4.6
Spellcasting   | 3 4 5 |  5.5
Conjurations   | 1 2 3 |  3.8
Hexes          | 1 2 3 |  3.8
Charms         | 1 2 3 |  3.8
Summonings     | 1 2 3 |  3.8
Necromancy     | 1 2 3 |  3.8
Translocations | 1 2 3 |  3.8
Transmutations | 1 2 3 |  3.8
Fire Magic     | 1 2 3 |  3.8
Ice Magic      | 1 2 3 |  3.8
Air Magic      | 1 2 3 |  3.8
Poison Magic   | 1 2 3 |  3.8
Fighting       | 3 4 5 |  5.4
Throwing       | 3 4 5 |  5.4
Armour         | 3 4 5 |  5.4
Earth Magic    | 4 5 |  5.5
Stealth        | 3 4 5 |  5.3
Crossbows      | 7 8 |  8.1

Action                   |  1- 3 |  4- 6 |  7- 9 || total
-------------------------+-------+-------+-------++-------
Melee: Whip              |     5 |   111 |       ||   116
       Bite              |       |    13 |    31 ||    44
       Unarmed           |       |    55 |       ||    55
       Dagger            |       |   114 |   229 ||   343
       Hand axe          |       |       |    22 ||    22
       Punch             |       |       |     3 ||     3
 Fire: Hand crossbow     |    44 |    35 |    79 ||   158
  Use: Scroll            |     5 |     2 |    10 ||    17
       Potion            |       |       |     4 ||     4
  Eat: Chunk             |       |     5 |    11 ||    16
Armor: Plate armour      |       |   138 |   203 ||   341
       Robe              |       |     4 |       ||     4
Dodge: Dodged            |     8 |   105 |   123 ||   236

Table legend:
 A = Non-vault XP
 B = Vault XP
 C = Vault XP percentage of total XP
 D = Non-vault monster count
 E = Vault monster count
 F = Vault count percentage of total count
                 A         B        C        D         E       F
            +---------+---------+-------+---------+---------+-------
      Total |    2110 |    2493 |  54.2 |     124 |      53 |  29.9
            +---------+---------+-------+---------+---------+-------
        D:1 |      44 |       0 |   0.0 |      16 |       0 |   0.0
        D:2 |      64 |       0 |   0.0 |      16 |       0 |   0.0
        D:3 |     137 |     115 |  45.6 |      28 |      15 |  34.9
        D:4 |     524 |      97 |  15.6 |      24 |       6 |  20.0
        D:5 |     503 |     258 |  33.9 |      12 |       1 |   7.7
        D:6 |     731 |     479 |  39.6 |      25 |       2 |   7.4
        D:7 |     107 |    1233 |  92.0 |       3 |      11 |  78.6
     Bailey |       0 |     311 | 100.0 |       0 |      18 | 100.0
            +---------+---------+-------+---------+---------+-------

Table legend:
 A = Turns spent in this place as a percentage of turns spent in the entire game.
 B = Non-inter-level travel turns spent in this place as a percentage of non-inter-level travel turns spent in the entire game.
 C = Inter-level travel turns spent in this place as a percentage of turns spent in this place.
 D = Turns resting spent in this place as a percentage of non-inter-level travel turns spent in this place.
 E = Turns spent auto-exploring this place as a percentage of non-inter-level travel turns spent in this place.
 F = Non-inter-level travel turns spent in this place divided by the number of levels of this place that you've seen.
                   A       B       C       D       E      F
               +-------+-------+-------+-------+-------+----------------------
         Total | 100.0 | 100.0 |   3.7 |  16.4 |  36.3 | 614.7
       Dungeon |  94.2 |  94.1 |   3.8 |  16.5 |  36.2 | 743.9
        Temple |   2.6 |   2.5 |   4.8 |   0.0 |  85.0 | 140.0
        Bailey |   3.2 |   3.3 |   0.0 |  25.4 |   0.0 | 185.0
               +-------+-------+-------+-------+-------+----------------------

Levels and vault maps discovered:
D:1:      onia_arrival_zoo_common, layout_rooms, minmay_misc_feat_columns
D:2:      layout_rooms
D:3:      layout_basic, uniq_ijyb, uniq_crazy_yiuf_cottage, uniq_robin
D:4:      layout_rooms, guppyfry_early_orc_mine
D:5:      layout_loops_ring, kennysheep_mini_moat, minmay_temple_entry_wispy,
          first_ration, kennysheep_generic_room_14, uniq_grinder
D:6:      layout_rooms, serial_corexii_hall, corexii_hall_statues_u,
          corexii_hall_statues_l, basic_altar, serial_park_tiny_1,
          uniq_prince_ribbit1, uniq_sigmund
D:7:      layout_loops_ring, enter_bailey_3, grunt_livestock,
          david_defended_altar_orc, uniq_duvessa
Temple:   kilobyte_greek_temple
Bailey:   bailey_polearm_5, bailey
